 Dungeon Crawl Stone Soup version 0.30-a0-121-gb27577e5d9 (webtiles) character file.

Game seed: 15542287268381485529

226 LnG the Chopper (level 6, -4/53 HPs)
             Began as a Hill Orc Fighter on Sept 14, 2022.
             Slain by a large abomination (15 damage)
             ... on level 2 of the Abyss.
             The game lasted 00:07:24 (2847 turns).

LnG the Chopper (Hill Orc Fighter)                  Turns: 2847, Time: 00:07:25

Health: -4/53      AC: 13    Str: 21      XL:     6   Next: 1%
Magic:  6/6        EV:  9    Int: 13      God:
Gold:   147        SH:  4    Dex:  9 (10) Spells: 5/5 levels left

rFire   x . .      SeeInvis .    a - +0 war axe
rCold   . . .      Faith    .    c - +0 buckler
rNeg    . . .      Spirit   .    b - +0 scale mail
rPois   .          Reflect  .    (no helmet)
rElec   +          Harm     .    g - +0 cloak
rCorr   .          Rampage  .    p - +3 pair of gloves of Infinity {rElec rF- Int+5}
Will    .....                    v - +0 pair of boots
Stlth   ..........               (no amulet)
HPRegen 0.17/turn                (no ring)
MPRegen 0.10/turn                (no ring)

@: no status effects
A: no striking features
a: no special abilities


You were on level 2 of the Abyss.
You visited 1 branch of the dungeon, and saw 4 of its levels.
You visited the Abyss 1 time.

You collected 147 gold pieces.

Inventory:

Hand Weapons
 a - a +0 war axe (weapon)
 r - the +9 spear of Suany {vorpal, *Rage +Blink rN++}
   (You found it on level 2 of the Dungeon)

   It inflicts extra damage upon your enemies.
   rN:        It greatly protects you from negative energy.
   +Blink:    It lets you blink.
   *Rage:     It berserks you when you make melee attacks (+20% chance).
Armour
 b - a +0 scale mail (worn)
 c - a +0 buckler (worn)
 g - a +0 cloak (worn)
 o - a +2 pair of gloves
 p - the +3 pair of gloves of Infinity (worn) {rElec rF- Int+5}
   (You found it on level 2 of the Dungeon)

   Int:       It affects your intelligence (+5).
   rF:        It makes you vulnerable to fire.
   rElec:     It insulates you from electricity.
 v - a +0 pair of boots (worn)
Jewellery
 h - a +6 ring of dexterity
Wands
 u - a wand of flame (16)
Scrolls
 f - 4 scrolls of poison {unknown}
 i - 2 scrolls of enchant weapon {unknown}
 q - a scroll of identify {unknown}
 s - a scroll of magic mapping {unknown}
 t - a scroll of noise {unknown}
Potions
 e - a potion of haste {unknown}
 j - a potion of berserk rage {unknown}
 k - 2 potions of degeneration {unknown}
 l - a potion of attraction {unknown}
 m - a potion of brilliance {unknown}
 n - 2 potions of heal wounds {unknown}
 w - a potion of resistance {unknown}


   Skills:
 + Level 4.5 Fighting
 + Level 4.8 Axes
 + Level 4.8 Armour
 + Level 0.8 Dodging
 + Level 0.1 Stealth
 + Level 4.1 Shields


You had 5 spell levels left.
You didn't know any spells.
Your spell library contained the following spells:

 Spells                   Type           Power      Damage    Failure   Level
 Necrotise                Necr           0%         1d4       71%         1
 Sublimation of Blood     Necr           0%         N/A       85%         2
 Wereblood                Tmut           0%         N/A       85%         2
 Vampiric Draining        Necr           0%         2d6       97%         3
 Agony                    Necr           0%         N/A       100%        5
 Summon Hydra             Summ           0%         N/A       100%        7


Dungeon Overview and Level Annotations

Branches:
Dungeon (4/15)
 Temple: D:4-7

Altars:
Hepliaklqana
Okawaru
Ru

Annotations:
D:4 Edmund


Message History

HP restored.
Found 2 stones.
Edmund the Younger comes into view.
He is wielding a +4 flail of distortion.
Found a scroll labelled GONYGA EXAPO.
Edmund shouts!
You barely miss Edmund. Edmund hits you but does no damage.
Space warps horribly around you!
You slash Edmund!
Edmund is lightly wounded.
Edmund hits you with a +4 flail of distortion!
You blink.
You feel very mighty all of a sudden.
You slash Edmund!
Edmund is heavily wounded.
Edmund hits you but does no damage.
You are cast into the Abyss!
This branch contains the abyssal rune of Zot.
Found a roughly hewn altar of Beogh.
Why would you want to do that? Why would you want to do that?
You feel a little less mighty now.
A large abomination comes into view.
The large abomination hits you but does no damage.
You slash the large abomination!
The large abomination is lightly damaged.
The large abomination hits you.
The large abomination barely misses you.
You hit the large abomination.
The large abomination is moderately damaged.
You block the large abomination's attack.
You hit the large abomination but do no damage.
The large abomination is moderately damaged.
The large abomination hits you!!
Ouch! That really hurt!
* * * LOW HITPOINT WARNING * * *
The large abomination barely misses you.
You closely miss the large abomination.
The large abomination is moderately damaged.
The large abomination hits you!
You die...

# #..# § .##...#
.... ##. #..# ..#
###§ #. ..##.....#
#§ .#.. ..###
###....... #
#...##############
#.##.......@X......
# ###############.


You could see a large abomination.

Vanquished Creatures
  The ghost of ragingrage the Sneak, a weakling KoBr (D:3)
  3 quasits (D:3)
  Ijyb (D:3)
  An adder (D:4)
  A worm (D:2)
  9 orcs
  6 bats
  3 endoplasms
  A giant cockroach (D:2)
  7 goblins
  4 hobgoblins
  A kobold (D:3)
  3 quokkas
  4 ball pythons
  2 frilled lizards
  3 rats
50 creatures vanquished.

Vanquished Creatures (others)
  A withered plant (D:1)
1 creature vanquished.

Grand Total: 51 creatures vanquished

Notes
Turn   | Place    | Note
-------+----------+-------------------------------------------
     0 | D:1      | LnG the Hill Orc Fighter began the quest for the Orb.
     0 | D:1      | Reached XP level 1. HP: 19/19 MP: 1/1
   208 | D:1      | Reached XP level 2. HP: 21/27 MP: 2/2
   287 | D:1      | Found a faded altar of an unknown god.
   831 | D:2      | Reached XP level 3. HP: 33/33 MP: 3/3
  1051 | D:2      | Identified the +3 pair of gloves of Infinity {rElec rF-
                  | Int+5}
  1098 | D:2      | Identified the +9 spear of Suany {vorpal, *Rage +Blink
                  | rN++}
  1330 | D:2      | Identified the +2 robe "Dugioschut" {rF+}
  1784 | D:3      | Found an iron altar of Okawaru.
  1804 | D:3      | Found a sacrificial altar of Ru.
  1947 | D:3      | Found a transporter.
  1957 | D:3      | Noticed ragingrage's ghost (weakling KoBr)
  1993 | D:3      | Found a transporter.
  2028 | D:3      | Noticed Ijyb
  2039 | D:3      | Killed Ijyb
  2040 | D:3      | Reached XP level 4. HP: 22/40 MP: 4/4
  2265 | D:3      | Found a hazy altar of Hepliaklqana.
  2448 | D:3      | Reached XP level 5. HP: 22/46 MP: 5/5
  2452 | D:3      | Killed ragingrage's ghost
  2696 | D:4      | Reached XP level 6. HP: 50/53 MP: 6/6
  2750 | D:4      | Noticed Edmund
  2754 | Abyss:2  | Cast into level 2 of the Abyss (Edmund)
  2777 | Abyss:2  | Found a roughly hewn altar of Beogh.
  2781 | Abyss:2  | Found a roughly hewn altar of Beogh.
  2781 | Abyss:2  | Found a roughly hewn altar of Beogh.
  2840 | Abyss:2  | Noticed a large abomination
  2847 | Abyss:2  | Slain by a large abomination

Illustrated notes

Levels and vault maps discovered:
D:1:      lemuel_arrival_funnel, layout_loops_ring,
          ebering_ecumenical_altar_petrified
D:2:      layout_basic, dreamdust_princess_bridge, minmay_tiny_reverse_x
D:3:      layout_basic, worldfamousw_hep_ancestral_shrine,
          mainiacjoe_overflow_catwalk_spiral, gammafunk_ghost_stat_death,
          uniq_ijyb
D:4:      layout_basic, gammafunk_ghost_split, uniq_edmund
Abyss:2:  base:
D:2

Skill      XL: |  1  2  3  4 |
---------------+-------------+-----
Axes           | 3 4 |  4.8
Shields        | 4 |  4.1
Fighting       | 4 |  4.5
Armour         | 4 |  4.8
Dodging        | |  0.8
Stealth        | |  0.1

Action                   |  1- 3 |  4- 6 || total
-------------------------+-------+-------++-------
Melee: War axe           |   108 |    53 ||   161
  Use: Potion            |       |     4 ||     4
Armor: Scale mail        |    56 |   113 ||   169
Dodge: Dodged            |    49 |    98 ||   147
Block: Buckler           |    27 |    35 ||    62

Table legend: (Time is in decaauts)
 A = Elapsed time spent in this place.
 B = Non-inter-level travel time spent in this place.
 C = Inter-level travel time spent in this place.
 D = Time resting spent in this place.
 E = Time spent auto-exploring this place.
 F = Levels seen in this place.
 G = Mean time per level.
                   A        B        C        D        E       F      G
               +--------+--------+--------+--------+--------+-----+--------+
         Total |   2906 |   2776 |    130 |    536 |   1585 |   5 |  581.2 |
       Dungeon |   2812 |   2682 |    130 |    536 |   1585 |   4 |  703.0 |
         Abyss |     94 |     94 |      0 |      0 |      0 |   1 |   94.0 |
               +--------+--------+--------+--------+--------+-----+--------+

Top non-repeatable levels by time:
     D:2: 1020 daAuts
     D:3: 910 daAuts
     D:1: 788 daAuts
 Abyss:2: 94 daAuts
     D:4: 93 daAuts
